 Dungeon Sprint DCSS version 0.28-a0-79-g444c7a33f5 (webtiles) character file.

Game seed: 13957945445366977708

42 Zeldest the Insei (level 3, -1/25 HPs)
             Began as a Vine Stalker Transmuter on Aug 2, 2021.
             Slain by a sky beast (2 damage)
             ... in the Dungeon (Sprint IX: "|||||||||||||||||||||||||||||").
             The game lasted 00:00:17 (36 turns).

Zeldest the Insei (Vine Stalker Transmuter)           Turns: 36, Time: 00:00:18

Health: -1/25      AC:  2    Str: 13    XL:     3   Next: 54%
Magic:  0/7        EV: 12    Int: 13    God:
Gold:   0          SH:  0    Dex: 14    Spells: 5/6 levels left

rFire   . . .      SeeInvis .     - Unarmed
rCold   . . .      Faith    .   (no shield)
rNeg    . . .      Spirit   +   a - +0 robe
rPois   .          Reflect  .   (helmet currently unavailable)
rElec   .          Harm     .   (no cloak)
rCorr   .          Rampage  .   (no gloves)
Will    .....      NoTele   +   (boots currently unavailable)
Stlth   ..........              (no amulet)
HPRegen 0.08/turn               (no ring)
MPRegen 0.10/turn               (no ring)

@: berserking (expiring), appendages (expiring), hasted, very quick
A: horns 2, talons 2, fangs 2, magic shield, antimagic bite, no potion heal 2
a: End Transformation


You were in the Dungeon.
You had temporarily grown beastly horns and talons.
You visited 1 branch

Inventory:

Armour
 a - a +0 robe (worn)
Scrolls
 f - a scroll of blinking
Potions
 b - a potion of curing
 d - 2 potions of magic


   Skills:
 - Level 0.8 Fighting
 - Level 1.5 Dodging
 + Level 7.3 Unarmed Combat
 - Level 2.1 Spellcasting
 - Level 2.0 Transmutations


You had 5 spell levels left.
You knew the following spells:

 Your Spells              Type           Power      Damage    Failure   Level
a - Beastly Appendage     Tmut           12%        N/A       11%         1

Your spell library contained the following spells:

 Spells                   Type           Power      Damage    Failure   Level
 Wereblood                Tmut           6%         N/A       17%         2
 Spider Form              Tmut/Pois      2%         N/A       45%         3
 Ice Form                 Ice/Tmut       4%         N/A       86%         4


Dungeon Overview and Level Annotations

Branches:
Dungeon (1/1)

Altars:


Innate Abilities, Weirdness & Mutations

You have temporarily grown beastly horns and talons.
You have extremely sharp teeth.
When hurt, damage is shared between your health and your magic reserves.
Your bite disrupts and absorbs the magic of your enemies.
Potions cannot restore your health.


Message History

A hound, a scorpion, a sky beast, an orc and a zombie come into view.
The hound barks!
The hound pauses to sniff the ground.
You hit the adder zombie. Your kick misses the adder zombie.
Your headbutt misses the adder zombie. You bite the adder zombie!
You drain its power.
You feel invigorated.
The adder zombie is severely damaged.
You closely miss the adder zombie. Your kick misses the adder zombie.
The adder zombie is severely damaged.
The adder zombie bites you.
You barely miss the adder zombie. You claw the adder zombie.
You destroy the adder zombie!
Your Unarmed Combat skill increases to level 5!
You have reached level 2!
The orc closely misses you.
There is an open door here.
You hit the orc. You claw the orc.
You kill the orc!
You hit the hound. Your kick misses the hound.
You bite the hound, but do no damage.
The hound is moderately wounded.
You punch the hound!
You kill the hound!
Your Unarmed Combat skill gained 2 levels and is now at level 7!
You have reached level 3!
Your experience leads to an increase in your attributes!
Increase (S)trength, (I)ntelligence, or (D)exterity?
You feel stronger. The sky beast hits you. The sky beast shocks you.
* * * LOW HITPOINT WARNING * * *
Things that are here:
a +0 whip; a +0 scale mail You closely miss the sky beast.
Your headbutt misses the sky beast.
The sky beast flickers out of sight!
Deactivating autopickup; reactivate with Ctrl-A.
Something hits you. Something shocks you.
* * * LOW HITPOINT WARNING * * *
You miss something. You punch something! Your kick misses something.
Something hits you.
You die...

▓+▓
▓.▓
▓.▓
▓s▓
▓{▓
▓@▓
▓'▓
▓.▓
▓.▓
▓.▓
▓.▓
▓.▓
▓)▓
▓.▓


You could see a scorpion.

Vanquished Creatures
  A hound (D)
  An adder zombie (D)
  An orc (D)
  A jackal (D)
  A kobold (D)
  A quokka (D)
  A ball python (D)
  A bat (D)
8 creatures vanquished.

Notes
Turn   | Place    | Note
-------+----------+-------------------------------------------
     0 | D        | Zeldest the Vine Stalker Transmuter began the quest for the
                  | Orb.
     0 | D        | Reached XP level 1. HP: 9/9 MP: 4/4
    11 | D        | Reached skill level 4 in Unarmed Combat
    25 | D        | Noticed a scorpion
    25 | D        | Noticed a sky beast
    25 | D        | Noticed a hound
    29 | D        | Reached skill level 5 in Unarmed Combat
    29 | D        | Reached XP level 2. HP: 11/14 MP: 4/6
    33 | D        | Reached skill level 7 in Unarmed Combat
    33 | D        | Reached XP level 3. HP: 13/17 MP: 4/7
    34 | D        | HP: 1/25 [something (5)]
    36 | D        | Slain by a sky beast

Illustrated notes

Levels and vault maps discovered:
D:        linesprint [early_d, line_temple, items_1, d_10, items_2, lair_1,
          lair_end, items_3, orc_1, orc_end, items_4, d_15, swamp_1, shoals_1,
          snake_1, spider_1, d_20, vaults_1, items_5, swamp_end, shoals_end,
          snake_end, spider_end, vaults_end, d_27, items_6, zot_1, zot_end,
          crypt_end, forest_end, elf_end, slime_end, tomb_end, abyss_end,
          pan_hell_end]

Skill      XL: |  1  2 |
---------------+-------+-----
Unarmed Combat | 5 7 |  7.3
Fighting       | |  0.8
Dodging        | |  1.5
Spellcasting   | |  2.1
Transmutations | |  2.0

Action                   || total
-------------------------++-------
Melee: Unarmed           ||    20
       Kick              ||     4
       Bite              ||     2
 Cast: Beastly Appendage ||     2
  Use: Potion            ||     2
Armor: Robe              ||     3
Dodge: Dodged            ||     5

Table legend: (Time is in decaauts)
 A = Elapsed time spent in this place.
 B = Non-inter-level travel time spent in this place.
 C = Inter-level travel time spent in this place.
 D = Time resting spent in this place.
 E = Time spent auto-exploring this place.
 F = Levels seen in this place.
 G = Mean time per level.
                   A        B        C        D        E       F      G
               +--------+--------+--------+--------+--------+-----+--------+
         Total |     30 |     30 |      0 |      0 |      0 |   1 |   30.0 |
       Dungeon |     30 |     30 |      0 |      0 |      0 |   1 |   30.0 |
               +--------+--------+--------+--------+--------+-----+--------+

Top non-repeatable levels by time:
       D: 30 daAuts
